[Event "Titled Tuesday Blitz April 25 Late 2023"]
[White "Deac, Bogdan-Daniel"]
[Black "Gritsenko, Nikolai"]
[WhiteFideId "1226380"]
[BlackFideId "14112493"]
[WhiteElo "2649"]
[BlackElo "2389"]
[Result "1-0"]
[Round "05"]
[TimeControl "180+2"]
[Date "2023.04.25"]
[WhiteClock "0:00:07"]
[BlackClock "0:00:01"]

1. b3 d5 2. Bb2 Bf5 3. e3 e6 4. c4 c6 5. Nf3 h6 6. g3 Nf6 7. Bg2 Nbd7 8. d4 Bb4+ 9. Nbd2 O-O 10. a3 Bd6 11. O-O Qe7 12. Qe2 a6 13. b4 b5 14. c5 Bc7 15. a4 e5 16. dxe5 Nxe5 17. Nxe5 Bxe5 18. Bxe5 Qxe5 19. Nf3 Qc3 20. Qe1 Qb2 21. Nd4 Bd3 22. Nxc6 Bxf1 23. Qxf1 Rfe8 24. Qc1 Qxc1+ 25. Rxc1 bxa4 26. Ra1 Rac8 27. Na5 Ne4 28. Bf1 Rb8 29. Rxa4 d4 30. exd4 Nc3 31. Ra3 Nd5 32. Nc6 Rbc8 33. Rxa6 Re1 34. b5 Rb1 35. Kg2 Re8 36. Bc4 Nc3 37. Ra7 Ree1 38. Rxf7 Rg1+ 39. Kh3 Kh8 40. Ne7 1-0


[Site "https://www.chess.com"]

[Event "Titled Tuesday Blitz April 25 Late 2023"]
[White "Bluebaum, Matthias"]
[Black "Rastbod, Ali"]
[WhiteFideId "24651516"]
[BlackFideId "12567477"]
[WhiteElo "2638"]
[BlackElo "2248"]
[Result "1-0"]
[Round "05"]
[TimeControl "180+2"]
[Date "2023.04.25"]
[WhiteClock "0:00:53"]
[BlackClock "0:00:04"]

1. d4 Nf6 2. c4 e6 3. Nc3 Bb4 4. e3 O-O 5. Bd2 d5 6. Nf3 Re8 7. Rc1 Nbd7 8. Qb3 Bxc3 9. Bxc3 c5 10. dxc5 Nxc5 11. Qa3 Nce4 12. cxd5 Nxc3 13. Qxc3 Nxd5 14. Qd2 b6 15. Bb5 Bd7 16. Ba6 Nc7 17. Bb7 Rb8 18. Be4 h6 19. O-O Na6 20. Rfd1 Nc5 21. Bb1 a5 22. Qc2 g6 23. Ne5 Qe7 24. Qc3 h5 25. Nxd7 Nxd7 26. Qc7 Rbd8 27. Bc2 Nc5 28. Qxb6 Rb8 29. Qxa5 Rxb2 30. Qc3 Rxa2 31. Bb1 Na4 32. Qc6 Ra3 33. Rd7 Qf8 34. Ra7 Rb8 35. Rxa4 Rxa4 36. Qxa4 Qd6 37. g3 Qd2 38. Qd1 Qb2 39. Be4 Kg7 40. Rb1 Qe5 41. Rxb8 Qxb8 42. Qd4+ e5 43. Qd7 Qb1+ 44. Bxb1 1-0


[Site "https://www.chess.com"]

[Event "Titled Tuesday Blitz April 25 Late 2023"]
[White "Kollars, Dmitrij"]
[Black "Sabuk, Piotr"]
[WhiteFideId "12909572"]
[BlackFideId "1137565"]
[WhiteElo "2584"]
[BlackElo "2298"]
[Result "1-0"]
[Round "05"]
[TimeControl "180+2"]
[Date "2023.04.25"]
[WhiteClock "0:00:10"]
[BlackClock "0:00:05"]

1. e4 e5 2. Nf3 Nc6 3. Bb5 a6 4. Ba4 Nf6 5. O-O Be7 6. d3 b5 7. Bb3 d6 8. a3 O-O 9. Nc3 Nb8 10. Ne2 Nbd7 11. Ng3 Re8 12. Bxf7+ Kh8 13. Bxe8 Qxe8 14. a4 b4 15. c3 a5 16. d4 Bb7 17. Re1 Qg6 18. Nh4 Qf7 19. Nhf5 Bf8 20. cxb4 axb4 21. d5 Nc5 22. f3 g6 23. Ne3 c6 24. dxc6 Bxc6 25. Qc2 Bxa4 26. Qc4 Qxc4 27. Nxc4 Rb8 28. Be3 Nd3 29. Re2 Bb5 30. Nb6 Nc5 31. Ra8 Rxa8 32. Nxa8 Bxe2 33. Nxe2 d5 34. Bg5 Ncd7 35. Bxf6+ Nxf6 36. exd5 Nxd5 37. Kf2 Bc5+ 38. Ke1 Kg7 39. Kd2 Kf6 40. Kd3 Ke6 41. Kc4 Bf2 42. Kb5 Kd6 43. Ng3 Bxg3 44. hxg3 h5 45. Nb6 Ne7 46. Kxb4 Nf5 47. Nc4+ Kd5 48. g4 hxg4 49. fxg4 Nh6 50. Ne3+ Ke4 51. g5 Nf7 52. Nc4 Nxg5 53. Kc5 Ne6+ 54. Kd6 Nf4 55. b4 Kd4 56. Nxe5 Nd5 57. b5 Nb6 58. Kc6 Na4 59. Nxg6 Ke4 60. b6 Nxb6 61. Kxb6 Kf5 62. Nh4+ Kg4 63. Nf3 Kg3 64. Ne1 Kf2 65. Kc5 Ke3 66. Kd5 Kf4 67. Kd4 Kg3 68. Ke3 Kg4 69. Kf2 Kf4 70. g3+ Kg4 71. Kg2 Kg5 72. Kf3 1-0


[Site "https://www.chess.com"]

[Event "Titled Tuesday Blitz April 25 Late 2023"]
[White "Paravyan, David"]
[Black "Kucuksari, Kaan"]
[WhiteFideId "4194985"]
[BlackFideId "6380166"]
[WhiteElo "2563"]
[BlackElo "2364"]
[Result "1-0"]
[Round "05"]
[TimeControl "180+2"]
[Date "2023.04.25"]
[WhiteClock "0:00:02"]
[BlackClock "0:00:06"]

1. e4 c5 2. Nf3 e6 3. d4 cxd4 4. Nxd4 a6 5. Bd3 Bc5 6. Nb3 Be7 7. O-O d6 8. a4 Nf6 9. a5 O-O 10. Re1 Nc6 11. Be3 d5 12. Bb6 Qe8 13. Nc3 Nb4 14. Qf3 dxe4 15. Nxe4 Bd7 16. Nxf6+ Bxf6 17. Be4 Bc6 18. Re2 Be7 19. Nd4 Bxe4 20. Qxe4 Nd5 21. c3 Qc8 22. Nf3 Nxb6 23. axb6 h6 24. g4 Bc5 25. g5 h5 26. g6 fxg6 27. Ng5 Bxb6 28. Qxg6 Rxf2 29. Rxf2 Bxf2+ 30. Kxf2 Qc5+ 31. Kg2 Qd5+ 32. Kg1 Qc5+ 33. Kh1 Qd5+ 34. Ne4 Rf8 35. Rg1 Rf7 36. Qg2 h4 37. Ng5 Rf2 38. Qxd5 exd5 39. Re1 Rxb2 40. Re8# 1-0


[Site "https://www.chess.com"]

[Event "Titled Tuesday Blitz April 25 Late 2023"]
[White "Nasuta, Grzegorz"]
[Black "Svane, Rasmus"]
[WhiteFideId "1141686"]
[BlackFideId "4657101"]
[WhiteElo "2449"]
[BlackElo "2597"]
[Result "0-1"]
[Round "05"]
[TimeControl "180+2"]
[Date "2023.04.25"]
[WhiteClock "0:00:05"]
[BlackClock "0:00:07"]

1. e4 c6 2. d4 d5 3. e5 Bf5 4. Nf3 e6 5. Be2 Ne7 6. O-O Ng6 7. a4 Nd7 8. a5 f6 9. Ne1 h5 10. f4 h4 11. Be3 a6 12. Nd2 c5 13. c3 Be7 14. Bd3 Bxd3 15. Nxd3 c4 16. exf6 gxf6 17. f5 exf5 18. Nf4 Nxf4 19. Bxf4 Nf8 20. Qc2 Qd7 21. h3 O-O-O 22. Bh2 Rh5 23. b3 cxb3 24. Nxb3 Ng6 25. c4 Rg8 26. cxd5+ Kd8 27. Nc5 Qxd5 28. Rae1 Nf8 29. Rf2 Rhg5 30. Rfe2 Qxd4+ 31. Kh1 Qxc5 32. Qd1+ Nd7 33. Rxe7 Qxe7 34. Rxe7 Kxe7 35. Bc7 R8g7 36. Qd6+ Ke8 37. Qe6+ Re7 38. Qd5 Re2 39. Qxb7 Nf8 40. Qxa6 Rgxg2 41. Qa8+ Kd7 42. Qxg2 Rxg2 43. Kxg2 Kxc7 44. Kf3 Ne6 0-1


[Site "https://www.chess.com"]

[Event "Titled Tuesday Blitz April 25 Late 2023"]
[White "Svane, Frederik"]
[Black "Brodowski, Piotr"]
[WhiteFideId "12923044"]
[BlackFideId "1124480"]
[WhiteElo "2502"]
[BlackElo "2351"]
[Result "1-0"]
[Round "05"]
[TimeControl "180+2"]
[Date "2023.04.25"]
[WhiteClock "0:01:19"]
[BlackClock "0:00:02"]

1. e4 d6 2. d4 g6 3. Nf3 Bg7 4. Bd3 a6 5. c3 Nc6 6. O-O Nf6 7. Nbd2 O-O 8. h3 e5 9. Re1 Qe7 10. Nf1 Nd7 11. Ne3 exd4 12. Nd5 Qd8 13. Bg5 f6 14. Bh4 dxc3 15. Qb3 Nc5 16. Qxc3 Nxd3 17. Qxd3 Be6 18. Rac1 g5 19. Bg3 h6 20. Ne3 Ne5 21. Qe2 Nxf3+ 22. Qxf3 Qd7 23. b3 Rfe8 24. Red1 Rac8 25. h4 Kh7 26. hxg5 fxg5 27. e5 Qf7 28. Qxb7 dxe5 29. Qxa6 Kg8 30. Qb5 c6 31. Qc5 Bd7 32. Rd6 Bf8 33. Rcd1 Bxd6 34. Qxd6 Rcd8 35. Qxh6 Bf5 36. Rxd8 Rxd8 37. Qxg5+ 1-0


[Site "https://www.chess.com"]

[Event "Titled Tuesday Blitz April 25 Late 2023"]
[White "Van Foreest, Jorden"]
[Black "Zwirs, Nico"]
[WhiteFideId "1039784"]
[BlackFideId "1036432"]
[WhiteElo "2633"]
[BlackElo "2381"]
[Result "1-0"]
[Round "05"]
[TimeControl "180+2"]
[Date "2023.04.25"]
[WhiteClock "0:00:34"]
[BlackClock "0:00:01"]

1. e4 c5 2. Nf3 d6 3. d4 cxd4 4. Nxd4 Nf6 5. Nc3 a6 6. Bd3 g6 7. Be2 Bg7 8. Be3 O-O 9. Qd2 Nc6 10. O-O-O Nxd4 11. Bxd4 Be6 12. h4 b5 13. a3 h5 14. f3 Qa5 15. Kb1 Rfc8 16. Bxf6 exf6 17. Nd5 Qd8 18. g4 hxg4 19. h5 Bxd5 20. Qxd5 Rc5 21. Qd3 Rac8 22. c3 g3 23. f4 Qe7 24. hxg6 fxg6 25. Qxg3 Qf7 26. Rxd6 Rxc3 27. Bd3 Rxa3 28. bxa3 Qb3+ 29. Ka1 Qxa3+ 30. Kb1 Qb3+ 31. Ka1 Qa3+ 32. Kb1 Qxd6 33. Bc2 f5 34. Bb3+ Kf8 35. e5 Qc6 36. Rd1 Qe4+ 37. Kb2 g5 38. Qxg5 Qe2+ 39. Ka1 1-0


[Site "https://www.chess.com"]

[Event "Titled Tuesday Blitz April 25 Late 2023"]
[White "Lewicki, Miroslaw"]
[Black "Grigoriants, Sergey"]
[WhiteFideId "1113380"]
[BlackFideId "4130804"]
[WhiteElo "2212"]
[BlackElo "2502"]
[Result "0-1"]
[Round "05"]
[TimeControl "180+2"]
[Date "2023.04.25"]
[WhiteClock "0:00:10"]
[BlackClock "0:01:35"]

1. g3 d5 2. Bg2 e5 3. Nf3 f6 4. O-O c5 5. c3 Nc6 6. d4 cxd4 7. cxd4 e4 8. Ne1 f5 9. Nc3 Nf6 10. Bg5 Be6 11. Nc2 Be7 12. Ne3 O-O 13. Qd2 h6 14. Bf4 Qb6 15. Rfd1 Rad8 16. Rac1 Qa6 17. a3 Rc8 18. Be5 Rfd8 19. Nc2 Na5 20. Nb4 Bxb4 21. Bxf6 Nb3 22. Qc2 Nxc1 23. Bxd8 Bxc3 24. Qxc1 Ba5 25. Qxh6 0-1


[Site "https://www.chess.com"]

[Event "Titled Tuesday Blitz April 25 Late 2023"]
[White "Prohaszka, Peter"]
[Black "Dardha, Daniel"]
[WhiteFideId "726265"]
[BlackFideId "240990"]
[WhiteElo "2626"]
[BlackElo "2581"]
[Result "1-0"]
[Round "05"]
[TimeControl "180+2"]
[Date "2023.04.25"]
[WhiteClock "0:00:09"]
[BlackClock "0:00:02"]

1. d4 Nf6 2. c4 e6 3. Bf4 d5 4. cxd5 Bb4+ 5. Nd2 Nxd5 6. Bg3 O-O 7. a3 Bxd2+ 8. Qxd2 b6 9. Rc1 Bb7 10. e4 Nf6 11. Bxc7 Nxe4 12. Bxd8 Nxd2 13. Be7 Nxf1 14. Bxf8 Bxg2 15. Rc8 Nd7 16. Rxa8 Bxa8 17. f3 Ne3 18. Bb4 Nc2+ 19. Kf2 Nxd4 20. Ne2 Nxf3 21. Rc1 g5 22. Rc8+ Kg7 23. Rxa8 Nxh2 24. Rxa7 Ne5 25. Bc3 Kg6 26. Bxe5 Ng4+ 27. Kg2 Nxe5 28. Rb7 Nc4 29. b3 Nxa3 30. Rxb6 h5 31. Nd4 h4 32. Ra6 Nb1 33. b4 g4 34. b5 Nc3 35. b6 h3+ 36. Kh2 Kg5 37. Ra3 Ne4 38. b7 Kh4 39. Ne2 Ng5 40. Ng1 Ne4 41. b8=Q f6 42. Qh8+ Kg5 43. Nxh3+ gxh3 44. Rxh3 e5 45. Qh5+ Kf4 46. Rf3# 1-0


[Site "https://www.chess.com"]

[Event "Titled Tuesday Blitz April 25 Late 2023"]
[White "Melkumyan, Hrant"]
[Black "Korchmar, Vasiliy"]
[WhiteFideId "13302485"]
[BlackFideId "24131750"]
[WhiteElo "2604"]
[BlackElo "2370"]
[Result "1-0"]
[Round "05"]
[TimeControl "180+2"]
[Date "2023.04.25"]
[WhiteClock "0:00:09"]
[BlackClock "0:00:01"]

1. d4 d5 2. Bf4 Nf6 3. e3 c5 4. Nd2 Nc6 5. Ngf3 cxd4 6. exd4 Qb6 7. Nb3 Bf5 8. c3 e6 9. a4 a6 10. a5 Qd8 11. Be2 Be7 12. O-O O-O 13. Nfd2 Rc8 14. Re1 h6 15. Bf1 Re8 16. h3 Nd7 17. Nf3 Nf6 18. Bd3 Bxd3 19. Qxd3 Ne4 20. Nfd2 Nd6 21. Re2 Nc4 22. Nxc4 dxc4 23. Qxc4 Nxa5 24. Qa4 Nc4 25. Nd2 Nxb2 26. Qc2 Qxd4 27. Ne4 Nd3 28. Rd1 f5 29. Rxd3 Qc4 30. Rg3 fxe4 31. Be5 Bf8 32. Rxe4 Qd5 33. Qe2 b5 34. Reg4 Re7 35. Rg6 Kh7 36. Qh5 Qe4 37. f3 Qb1+ 38. Kh2 Qf5 39. R3g5 Qf7 40. Bxg7 Bxg7 41. Rxg7+ Qxg7 42. Rxg7+ Rxg7 43. Qe5 Rcg8 44. g4 Rg6 45. Qd6 a5 46. Qb6 a4 47. Qxb5 Rf8 48. Qxa4 Rxf3 49. Qd7+ Rg7 50. Qxe6 Rxc3 51. Qe4+ Kh8 52. Qe8+ Kh7 53. Qe4+ Kh8 54. Qe6 Rc2+ 55. Kg3 Rcc7 56. Qxh6+ Kg8 57. Qe6+ Kf8 58. Qf6+ Kg8 59. Qd8+ Kh7 60. Qd3+ Kg8 61. Qd5+ Kh7 62. h4 Rcd7 63. Qe4+ Kg8 64. h5 Rde7 65. Qc4+ Kh7 66. Kh4 Rc7 67. Qe4+ Kg8 68. h6 Rge7 69. Qd5+ Kh7 70. Kh5 1-0


[Site "https://www.chess.com"]

[Event "Titled Tuesday Blitz April 25 Late 2023"]
[White "Fressinet, Laurent"]
[Black "Munoz, Francisco Javier"]
[WhiteFideId "608742"]
[BlackFideId "128368"]
[WhiteElo "2633"]
[BlackElo "2383"]
[Result "1/2-1/2"]
[Round "05"]
[TimeControl "180+2"]
[Date "2023.04.25"]
[WhiteClock "0:00:13"]
[BlackClock "0:00:08"]

1. d4 d5 2. Nf3 e6 3. Bg5 Nf6 4. e3 Nbd7 5. Nbd2 h6 6. Bh4 Bd6 7. Bd3 b6 8. Qe2 Bb7 9. Ba6 Bxa6 10. Qxa6 c5 11. c3 O-O 12. O-O Qc7 13. Bxf6 Nxf6 14. a4 c4 15. Rfc1 Rfc8 16. b3 cxb3 17. Nxb3 Ne4 18. g3 Qc4 19. Qxc4 Rxc4 20. Nfd2 Rxc3 21. Nxe4 Rxc1+ 22. Rxc1 dxe4 23. Nd2 f5 24. Rc6 Rd8 25. Nc4 Bb8 26. Rxe6 Rc8 27. Ne5 Bxe5 28. Rxe5 Rc1+ 29. Kg2 Ra1 30. d5 g6 31. Re7 Rd1 32. Rxa7 Rxd5 33. Ra6 Ra5 34. Rxb6 Kf7 35. Rb4 Kf6 36. Kf1 Rc5 37. h4 Rc2 38. Rb6+ Kf7 39. h5 gxh5 40. Rxh6 Ra2 41. Ra6 Kg7 42. Kg2 Kf7 43. a5 Kg7 44. Ra8 Kg6 45. a6 Kg7 46. a7 Kh7 47. Kh3 Kg7 48. Kh4 Kh7 49. Kxh5 Ra5 50. Kg5 Kg7 51. Re8 Rxa7 52. Re5 Ra2 53. Rxf5 Ra4 54. Kf4 Kg6 55. g4 Rb4 56. Rg5+ Kf6 57. Rf5+ Kg6 58. Re5 Rb2 59. Kxe4 Rxf2 60. Rf5 Rd2 61. Rf4 Rd1 62. Ke5 Re1 63. e4 Kg5 64. Rf8 Kxg4 65. Kd5 Kg5 66. e5 Kg6 67. Ke6 Kg7 68. Rf2 Re3 69. Kd6 Ra3 70. e6 Ra6+ 71. Kd7 Ra7+ 72. Kc8 Ra8+ 73. Kb7 Re8 74. Re2 Kf6 75. Kc7 Rxe6 76. Rxe6+ Kxe6 1/2-1/2


[Site "https://www.chess.com"]

[Event "Titled Tuesday Blitz April 25 Late 2023"]
[White "Piesik, Piotr"]
[Black "Mekhitarian, Krikor Sevag"]
[WhiteFideId "1136194"]
[BlackFideId "2107660"]
[WhiteElo "2299"]
[BlackElo "2604"]
[Result "0-1"]
[Round "05"]
[TimeControl "180+2"]
[Date "2023.04.25"]
[WhiteClock "0:00:02"]
[BlackClock "0:00:17"]

1. Nf3 d5 2. g3 Nf6 3. Bg2 g6 4. O-O Bg7 5. d3 O-O 6. Nbd2 c5 7. e4 Nc6 8. Re1 e6 9. c3 a5 10. Qc2 a4 11. a3 b6 12. Nf1 c4 13. dxc4 Nxe4 14. Bf4 Nc5 15. Rad1 Na5 16. cxd5 exd5 17. Nd4 Bb7 18. Nb5 Qd7 19. Nc7 Rad8 20. Nxd5 Bxd5 21. Rxd5 Qb5 22. Red1 Rxd5 23. Bxd5 Nc4 24. Bc1 Nb3 25. Ne3 Ne5 26. f4 Nd7 27. Bc4 Qc6 28. Bxb3 axb3 29. Qxb3 Nf6 30. Nd5 Re8 31. Qxb6 Qa4 32. Nxf6+ Bxf6 33. Rf1 Bd8 34. Qb4 Qc6 35. h4 Bb6+ 36. Kh2 Re2+ 0-1


[Site "https://www.chess.com"]

[Event "Titled Tuesday Blitz April 25 Late 2023"]
[White "Chernobay, Artem"]
[Black "Baskakov, Egor"]
[WhiteFideId "4167406"]
[BlackFideId "24197866"]
[WhiteElo "2474"]
[BlackElo "2212"]
[Result "0-1"]
[Round "05"]
[TimeControl "180+2"]
[Date "2023.04.25"]
[WhiteClock "0:00:17"]
[BlackClock "0:00:46"]

1. e4 c5 2. Nf3 Nf6 3. e5 Nd5 4. Ng5 e6 5. d4 cxd4 6. Qf3 f6 7. Bd3 g6 8. exf6 Qxf6 9. Qg3 Nc6 10. O-O Bg7 11. Na3 O-O 12. Nc4 e5 13. Ne4 Qe7 14. Bg5 Nf6 15. Ncd6 Nxe4 16. Nxe4 Qe6 17. Nc5 Qd5 18. Ne4 d6 19. Qh4 Bf5 20. Rae1 Nb4 21. Be7 Nxd3 22. cxd3 Rf7 23. Nxd6 Bxd3 24. Nxf7 Qxf7 25. Bd6 Bxf1 26. Kxf1 Qxa2 27. Rc1 Qa6+ 0-1


[Site "https://www.chess.com"]

[Event "Titled Tuesday Blitz April 25 Late 2023"]
[White "Smirnov, Pavel"]
[Black "Janaszak, Dawid"]
[WhiteFideId "4123425"]
[BlackFideId "1119206"]
[WhiteElo "2519"]
[BlackElo "2220"]
[Result "1-0"]
[Round "05"]
[TimeControl "180+2"]
[Date "2023.04.25"]
[WhiteClock "0:01:25"]
[BlackClock "0:00:37"]

1. d4 Nf6 2. c4 e6 3. g3 d5 4. Nf3 Bb4+ 5. Bd2 Be7 6. Bg2 O-O 7. O-O c6 8. Qc2 Ne4 9. Bf4 Nd7 10. h4 f5 11. Nc3 b6 12. cxd5 exd5 13. Nxe4 fxe4 14. Qxc6 exf3 15. Bxf3 Ba6 16. Qxd5+ Kh8 17. Qxa8 Qxa8 18. Bxa8 Rxa8 19. Rfc1 Bxe2 20. Re1 Nf6 21. Rxe2 Bb4 22. Rc1 Nd5 23. Be5 Kg8 24. Kg2 Rf8 25. a3 Be7 26. Rc6 Kf7 27. h5 h6 28. f4 Rd8 29. Kf3 Bf8 30. g4 Ne7 31. Rc7 1-0


[Site "https://www.chess.com"]

[Event "Titled Tuesday Blitz April 25 Late 2023"]
[White "Rozen, Eytan"]
[Black "Ehlvest, Jaan"]
[WhiteFideId "2816750"]
[BlackFideId "4500016"]
[WhiteElo "2451"]
[BlackElo "2442"]
[Result "1-0"]
[Round "05"]
[TimeControl "180+2"]
[Date "2023.04.25"]
[WhiteClock "0:00:09"]
[BlackClock "0:00:01"]

1. e4 c5 2. Nf3 Nc6 3. Nc3 g6 4. Bb5 Bg7 5. d3 Nd4 6. Bc4 e6 7. Nxd4 cxd4 8. Nb5 d6 9. Bf4 e5 10. Bg3 a6 11. Na3 Nf6 12. O-O b5 13. Bb3 Nh5 14. Bd5 Ra7 15. c4 dxc3 16. bxc3 O-O 17. c4 b4 18. Nc2 a5 19. Ne3 Bh6 20. a3 Qb6 21. axb4 Qxb4 22. d4 Nxg3 23. hxg3 exd4 24. Qxd4 Qc5 25. Qxc5 dxc5 26. f4 a4 27. Rfb1 Bd7 28. e5 g5 29. f5 g4 30. Nxg4 Bg5 31. e6 Be8 32. Rb8 Kg7 33. Ne5 fxe6 34. fxe6 Bf6 35. Re1 a3 36. Rbb1 a2 37. Ra1 Bh5 38. g4 Bg6 39. g5 1-0


[Site "https://www.chess.com"]

[Event "Titled Tuesday Blitz April 25 Late 2023"]
[White "Hambleton, Aman"]
[Black "Makaraci, Tunahan"]
[WhiteFideId "2606577"]
[BlackFideId "6356559"]
[WhiteElo "2511"]
[BlackElo "2160"]
[Result "0-1"]
[Round "05"]
[TimeControl "180+2"]
[Date "2023.04.25"]
[WhiteClock "0:00:02"]
[BlackClock "0:00:09"]

1. d4 d5 2. Bf4 c5 3. e3 cxd4 4. exd4 Nc6 5. c3 Bf5 6. Nd2 e6 7. Qb3 Qc8 8. Ngf3 f6 9. h4 h5 10. Be2 a6 11. a4 Nh6 12. Nf1 Nf7 13. Ne3 Bd6 14. Bxd6 Nxd6 15. Nxf5 Nxf5 16. O-O Kf7 17. Bd3 Nd6 18. Rfe1 Qd7 19. Qc2 Ne7 20. Re2 Nef5 21. Rae1 Rae8 22. g3 g6 23. Kg2 Re7 24. Ng1 Rhe8 25. Nh3 e5 26. dxe5 fxe5 27. Ng5+ Kf6 28. Qb3 e4 29. Bb1 Re5 30. Rd1 Nxh4+ 31. gxh4 Qg4+ 32. Kf1 Qxh4 33. f4 exf3 34. Rxe5 Qh1+ 35. Kf2 Qg2+ 36. Ke3 Rxe5+ 37. Kd4 Qf2+ 38. Kd3 Qe2+ 39. Kd4 Qe3# 0-1


[Site "https://www.chess.com"]

[Event "Titled Tuesday Blitz April 25 Late 2023"]
[White "Chylewski, Patryk"]
[Black "Rustemov, Alexander"]
[WhiteFideId "1186191"]
[BlackFideId "4119002"]
[WhiteElo "2163"]
[BlackElo "2525"]
[Result "0-1"]
[Round "05"]
[TimeControl "180+2"]
[Date "2023.04.25"]
[WhiteClock "0:00:02"]
[BlackClock "0:00:30"]

1. e4 e6 2. d4 d5 3. Nd2 dxe4 4. Nxe4 Bd7 5. Nf3 Bc6 6. Bd3 Nd7 7. O-O Ngf6 8. Ng3 Be7 9. Re1 O-O 10. c3 b6 11. Qe2 Bb7 12. Bd2 c5 13. Rad1 Bxf3 14. Qxf3 cxd4 15. cxd4 Nd5 16. a3 N7f6 17. Ne4 Rc8 18. h3 Qd7 19. Ba6 Rc7 20. Nxf6+ Bxf6 21. Qd3 Rd8 22. Bb5 Qd6 23. Be3 g6 24. Rc1 Ne7 25. Rxc7 Qxc7 26. Rc1 Qd6 27. g4 Nd5 28. Rc6 Qe7 29. Qe4 Kg7 30. Kg2 h6 31. Kg1 Qb7 32. Rc1 a6 33. Bd3 b5 34. Rc5 Qd7 35. Be2 Ne7 36. Qf4 g5 37. Qe4 Bxd4 38. Rc2 Bxe3 39. Qxe3 Qd4 40. Qxd4+ Rxd4 41. Rc7 Nd5 42. Ra7 Nf4 43. Bf1 Rd6 44. b4 Rb6 45. Kh2 Kg6 46. Kg3 Rc6 47. f3 Rc1 48. Kf2 Rc2+ 49. Kg3 Rc6 50. a4 Rc1 51. Kf2 Rc2+ 52. Kg3 Rb2 53. axb5 axb5 54. Bxb5 Rg2# 0-1


[Site "https://www.chess.com"]

[Event "Titled Tuesday Blitz April 25 Late 2023"]
[White "Sieciechowicz, Marcin"]
[Black "Ladan, Nicholas"]
[WhiteFideId "1130170"]
[BlackFideId "30918855"]
[WhiteElo "2302"]
[BlackElo "2167"]
[Result "1-0"]
[Round "05"]
[TimeControl "180+2"]
[Date "2023.04.25"]
[WhiteClock "0:00:39"]
[BlackClock "0:00:13"]

1. d4 d5 2. Bf4 Nf6 3. e3 c5 4. c3 Nc6 5. Nd2 cxd4 6. exd4 Bf5 7. Ngf3 e6 8. Nh4 Be4 9. Nxe4 dxe4 10. g3 Nd5 11. Bd2 Qb6 12. Qb3 Be7 13. Ng2 O-O 14. Bc4 Na5 15. Qxb6 axb6 16. Bxd5 exd5 17. Ke2 Nc4 18. Ne3 Nxe3 19. Bxe3 b5 20. a3 f5 21. h4 Bd6 22. Bf4 Bxf4 23. gxf4 Ra6 24. Rag1 Rh6 25. Rg5 Rf7 26. Kd2 Kf8 27. Kc2 Rff6 28. Kb3 Rhg6 29. Kb4 Kf7 30. Rhg1 Ke6 31. Rxg6 hxg6 32. Kxb5 Kd6 33. Kb6 Kd7+ 34. Kxb7 Rc6 35. a4 Rc7+ 36. Kb6 Rc8 37. Rxg6 Rb8+ 38. Kc5 Rxb2 39. Kxd5 Rxf2 40. Rxg7+ Ke8 41. Ke6 Kd8 42. Rg8+ Kc7 43. Kxf5 e3 44. Re8 Re2 45. h5 Re1 46. h6 Kd7 47. Re5 e2 48. h7 Rh1 49. Rxe2 Rxh7 50. Re5 Rh3 51. Rc5 Kd6 52. a5 Rh1 53. Ke4 Rd1 54. f5 Re1+ 55. Kd3 Rf1 56. Kc4 Ra1 57. f6 Ra4+ 58. Kb5 Ra1 59. Rf5 Ke6 60. f7 Rb1+ 61. Kc4 Kxf5 62. f8=Q+ Kg4 63. Qg7+ Kh3 64. Qh7+ 1-0


[Site "https://www.chess.com"]

[Event "Titled Tuesday Blitz April 25 Late 2023"]
[White "Weetik, Vjacheslav"]
[Black "Kavutskiy, Konstantin"]
[WhiteFideId "4153472"]
[BlackFideId "2026384"]
[WhiteElo "2469"]
[BlackElo "2323"]
[Result "1-0"]
[Round "05"]
[TimeControl "180+2"]
[Date "2023.04.25"]
[WhiteClock "0:00:07"]
[BlackClock "0:00:02"]

1. d4 Nf6 2. Bf4 g6 3. Nf3 Bg7 4. e3 O-O 5. Be2 d6 6. h3 Nc6 7. c4 Ne4 8. Qc2 e5 9. Bh2 Bf5 10. Qd1 exd4 11. exd4 Qf6 12. Nc3 Nxd4 13. Nd5 Nxf3+ 14. gxf3 Qxb2 15. fxe4 Bxe4 16. O-O Bxd5 17. Rb1 Qa3 18. cxd5 Qxh3 19. Rxb7 Rae8 20. Bg4 Qh6 21. Rxc7 f5 22. Bf3 Qg5+ 23. Kh1 Qh4 24. Kg2 Be5 25. Bxe5 dxe5 26. Rh1 Qg5+ 27. Kf1 h5 28. d6 e4 29. Qd5+ Kh8 30. Qd4+ Qf6 31. Qxf6+ Rxf6 32. d7 Rd8 33. Rc8 Rff8 34. Bxh5 gxh5 35. Rxh5+ Kg7 36. Rxf5 Rxc8 37. dxc8=Q Rxc8 38. Re5 Rc1+ 39. Kg2 Rc2 40. Ra5 Rc7 41. Kg3 Kf6 42. Kf4 Re7 43. Ra6+ Kf7 44. Ra4 Kg7 45. Rxe4 Rb7 46. Ke3 Kf6 47. a4 Rd7 48. f3 Kf5 49. Rf4+ Ke5 50. Rb4 Kf5 51. Rb5+ Kf6 52. Ke4 Rc7 53. Rf5+ Ke6 54. Ra5 Kf6 55. Ra6+ Kf7 56. f4 Rc4+ 57. Kf5 Rc5+ 58. Kg4 Rc7 59. Kg5 Kg7 60. f5 Kf7 61. Rh6 Kg7 62. Rd6 Kf7 63. a5 Kg7 64. a6 Kf7 65. Rh6 Kg7 66. f6+ Kg8 67. Kg6 Rd7 68. Rh2 Rd6 69. Rc2 Rd8 70. Rc7 Rb8 71. Rg7+ Kh8 72. Rxa7 1-0


[Site "https://www.chess.com"]

[Event "Titled Tuesday Blitz April 25 Late 2023"]
[White "Koc, Przemyslaw"]
[Black "Bryakin, Mikhail"]
[WhiteFideId "1109081"]
[BlackFideId "4165314"]
[WhiteElo "2161"]
[BlackElo "2447"]
[Result "0-1"]
[Round "05"]
[TimeControl "180+2"]
[Date "2023.04.25"]
[WhiteClock "0:01:01"]
[BlackClock "0:01:37"]

1. Nf3 e6 2. g3 b5 3. Bg2 Bb7 4. O-O Nf6 5. d3 c5 6. e4 Be7 7. a4 b4 8. b3 a5 9. e5 Nd5 10. Bb2 Nc6 11. Nbd2 O-O 12. Nc4 f5 13. exf6 Bxf6 14. Bxf6 Qxf6 15. Qe1 Qe7 16. Nfe5 Nd4 17. Qd2 d6 18. Ng4 e5 19. Nge3 Nc3 20. f4 exf4 21. Rxf4 Rxf4 22. gxf4 Nce2+ 23. Kh1 Nxf4 24. Rg1 Nxg2 25. Rxg2 Rf8 26. Nxa5 Bxg2+ 27. Qxg2 Qxe3 0-1


[Site "https://www.chess.com"]

[Event "Titled Tuesday Blitz April 25 Late 2023"]
[White "Papasimakopoulos, Alexandros"]
[Black "Kovalevsky, Stanislav"]
[WhiteFideId "4244125"]
[BlackFideId "13508598"]
[WhiteElo "2359"]
[BlackElo "2174"]
[Result "1-0"]
[Round "05"]
[TimeControl "180+2"]
[Date "2023.04.25"]
[WhiteClock "0:02:17"]
[BlackClock "0:01:27"]

1. d4 d5 2. c4 c6 3. cxd5 cxd5 4. Bf4 Nc6 5. e3 e6 6. Nc3 Bd6 7. Bxd6 Qxd6 8. Bd3 Nf6 9. f4 a6 10. Nf3 Bd7 11. O-O O-O 12. Ne5 Rfc8 13. g4 Ne8 14. g5 Nxe5 15. fxe5 Qe7 16. h4 b5 17. a3 b4 18. axb4 Qxb4 19. Bxh7+ Kxh7 20. Qh5+ Kg8 21. Qxf7+ Kh8 22. Qh5+ Kg8 23. g6 Nf6 24. Rxf6 gxf6 25. Qh7+ Kf8 26. Qf7# 1-0


[Site "https://www.chess.com"]

[Event "Titled Tuesday Blitz April 25 Late 2023"]
[White "Pesotskiy, Mikhail"]
[Black "Schmakel, Sam"]
[WhiteFideId "34164453"]
[BlackFideId "2039311"]
[WhiteElo "2131"]
[BlackElo "2356"]
[Result "0-1"]
[Round "05"]
[TimeControl "180+2"]
[Date "2023.04.25"]
[WhiteClock "0:00:02"]
[BlackClock "0:00:15"]

1. d4 d5 2. c4 e6 3. Nc3 Nf6 4. cxd5 exd5 5. Bg5 c6 6. Qc2 Be7 7. e3 O-O 8. Bd3 Nbd7 9. Nf3 h6 10. Bf4 Re8 11. h3 Nf8 12. Bh2 a5 13. O-O Ne6 14. a3 Bd6 15. Bxd6 Qxd6 16. Na4 Nd7 17. Rfc1 b5 18. Nc5 Nexc5 19. dxc5 Qf6 20. Nd4 Ne5 21. Bf1 a4 22. b4 axb3 23. Qxb3 Ra4 24. Qc3 Bd7 25. Rcb1 Rea8 26. Rb4 Nc4 27. Bxc4 dxc4 28. Rxa4 Rxa4 29. Rd1 Qe7 30. Nc2 Bf5 31. Nb4 Qxc5 32. Rd8+ Kh7 33. Rb8 Ra7 34. Qd4 Qxd4 35. exd4 c3 36. Rc8 Rxa3 37. Rxc6 Rb3 38. Nd5 c2 39. Kh2 Rb1 0-1


[Site "https://www.chess.com"]